[Event "Titled Tuesday Blitz February 21 Late 2023"]
[White "Mujumdar, Sameer"]
[Black "Zhang, Alan"]
[WhiteFideId "2029707"]
[BlackFideId "30936870"]
[WhiteElo "1992"]
[BlackElo "2001"]
[Result "0-1"]
[Round "04"]
[TimeControl "180+2"]
[Date "2023.02.21"]
[WhiteClock "0:00:52"]
[BlackClock "0:00:09"]

1. g3 d5 2. Bg2 Nf6 3. c4 e6 4. Nf3 Be7 5. O-O O-O 6. b3 c6 7. Bb2 b5 8. d3 Nbd7 9. Nbd2 Bb7 10. Re1 bxc4 11. dxc4 c5 12. Qc2 Qc7 13. e3 Rfd8 14. Rac1 Rac8 15. a3 Qb6 16. Bc3 a5 17. Rb1 Nf8 18. Red1 d4 19. exd4 cxd4 20. Ba1 Ng6 21. Qd3 e5 22. Ng5 Bxg2 23. Kxg2 h6 24. Nge4 Nxe4 25. Qxe4 Qe6 26. Re1 f5 27. Qf3 e4 28. Qh5 Bxa3 29. Rbd1 Bb4 30. Re2 Qf7 31. Kh1 Ne5 32. Qh3 d3 33. Re3 Bxd2 34. Rxd2 Nf3 35. Rxf3 exf3 36. Qf1 Qe7 37. Qd1 Qe2 38. Bc3 Qxd1+ 39. Rxd1 Rd7 40. h3 Re8 41. Kg1 Re2 42. Kf1 Rc2 43. Bxa5 d2 44. g4 Rc1 0-1


[Site "https://www.chess.com"]

[Event "Titled Tuesday Blitz February 21 Late 2023"]
[White "Meunier-Pion, Jean"]
[Black "Chernomordik, Pavel"]
[WhiteFideId "20685327"]
[BlackFideId "2804530"]
[WhiteElo "2215"]
[BlackElo "2150"]
[Result "1-0"]
[Round "04"]
[TimeControl "180+2"]
[Date "2023.02.21"]
[WhiteClock "0:00:03"]
[BlackClock "0:00:01"]

1. e4 g6 2. d4 Bg7 3. Nc3 d6 4. Be3 a6 5. h4 h6 6. h5 g5 7. f3 b5 8. a3 Nd7 9. Qd2 Nb6 10. O-O-O Bb7 11. Be2 Nf6 12. Nh3 Nxh5 13. Qe1 Nf6 14. Kb1 Qd7 15. Nf2 O-O-O 16. d5 c5 17. dxc6 Qxc6 18. Nd3 a5 19. Nc1 Nc4 20. Bxc4 Qxc4 21. Nb3 Nd7 22. Nxa5 Bxc3 23. Nxc4 Bxe1 24. Nb6+ Kc7 25. Nxd7 Bg3 26. Bb6+ Kxd7 27. Bxd8 Kxd8 28. b3 Be5 29. Ka2 h5 30. c4 bxc4 31. bxc4 Ba6 32. Rb1 Kc7 33. Rhc1 Bd4 34. Rb4 Bc5 35. Ra4 Bb7 36. Rb1 h4 37. Ra5 h3 38. gxh3 Rxh3 39. Rab5 Bc6 40. R5b3 g4 41. fxg4 Rh2+ 42. R1b2 Rh1 43. Rb1 Rh4 44. Rg3 Bxe4 45. Re1 Rh2+ 46. Kb3 Bc2+ 47. Kc3 Bg6 48. Rxe7+ Kc6 49. Re8 Ra2 50. Rg1 Rxa3+ 51. Kb2 Re3 52. Rxe3 Bxe3 53. Re1 Bd4+ 54. Kb3 Kc5 55. Rb1 1-0


[Site "https://www.chess.com"]

[Event "Titled Tuesday Blitz February 21 Late 2023"]
[White "Seletsky, Grigory"]
[Black "Adel, Sara"]
[WhiteFideId "14112191"]
[BlackFideId "10616764"]
[WhiteElo "2259"]
[BlackElo "1739"]
[Result "1-0"]
[Round "04"]
[TimeControl "180+2"]
[Date "2023.02.21"]
[WhiteClock "0:00:25"]
[BlackClock "0:00:06"]

1. e4 c6 2. d3 d5 3. Nd2 dxe4 4. dxe4 g6 5. Ngf3 Bg7 6. Be2 Nf6 7. O-O O-O 8. c3 Bg4 9. Qc2 Nbd7 10. h3 Bxf3 11. Nxf3 Qc7 12. Be3 Rfd8 13. a4 a5 14. Rfd1 Ne5 15. Nd2 b6 16. f4 Ned7 17. Nc4 b5 18. Nd2 e5 19. Rf1 b4 20. Nc4 bxc3 21. bxc3 c5 22. f5 Nb6 23. Nxb6 Qxb6 24. g4 Qc6 25. Bf3 gxf5 26. gxf5 Kh8 27. Kh2 c4 28. Rg1 Rd3 29. Rae1 Rg8 30. Bh1 Nxe4 31. Qg2 Rxe3 32. Rxe3 Qh6 33. Rxe4 Rd8 34. Rg4 Rd2 35. Rxg7 Rxg2+ 36. R1xg2 Qf4+ 37. R2g3 h5 38. Kg1 Qc1+ 39. Kg2 Qd2+ 40. Kf1 Qc1+ 41. Kf2 Qxh1 42. f6 Qh2+ 43. Ke3 Qc2 44. Rg8+ Kh7 45. R3g7+ Kh6 46. Rh8+ Qh7 47. Rhxh7# 1-0


[Site "https://www.chess.com"]

[Event "Titled Tuesday Blitz February 21 Late 2023"]
[White "Delorme, Axel"]
[Black "Michalski, Olaf"]
[WhiteFideId "632023"]
[BlackFideId "1106740"]
[WhiteElo "2483"]
[BlackElo "2273"]
[Result "1-0"]
[Round "04"]
[TimeControl "180+2"]
[Date "2023.02.21"]
[WhiteClock "0:00:25"]
[BlackClock "0:00:08"]

1. e4 c5 2. Nf3 a6 3. c3 Nf6 4. e5 Nd5 5. d4 e6 6. c4 Nb6 7. Nc3 d5 8. exd6 Bxd6 9. dxc5 Bxc5 10. Qxd8+ Kxd8 11. Bf4 Nc6 12. O-O-O+ Ke7 13. Ne4 e5 14. Nxe5 Nxe5 15. Bxe5 f6 16. Bg3 Bg4 17. Rd3 Bb4 18. a3 Bf5 19. axb4 Bxe4 20. Re3 f5 21. f3 1-0


[Site "https://www.chess.com"]

[Event "Titled Tuesday Blitz February 21 Late 2023"]
[White "Winkels, Marcel"]
[Black "Jovic, Stanoje"]
[WhiteFideId "1003887"]
[BlackFideId "905020"]
[WhiteElo "1960"]
[BlackElo "2075"]
[Result "1-0"]
[Round "04"]
[TimeControl "180+2"]
[Date "2023.02.21"]
[WhiteClock "0:00:13"]
[BlackClock "0:00:01"]

1. e4 c6 2. d4 d5 3. exd5 cxd5 4. c4 Nf6 5. Nc3 Nc6 6. Bg5 dxc4 7. d5 Ne5 8. Qd4 Nd3+ 9. Bxd3 cxd3 10. Qxd3 g6 11. Nf3 Bg7 12. Rd1 O-O 13. O-O a6 14. Rfe1 Bf5 15. Qd2 Bg4 16. Qf4 Bxf3 17. Qxf3 Rc8 18. d6 exd6 19. Nd5 Rc2 20. Bxf6 Bxf6 21. Nxf6+ Kg7 22. Qb3 Qc7 23. Ne4 Re8 24. Nc3 Rxe1+ 25. Rxe1 Rd2 26. h3 f5 27. Na4 b5 28. Nc3 Qc5 29. Re2 Rd3 30. Qc2 Qd4 31. a3 h5 32. Kh2 h4 33. g3 hxg3+ 34. fxg3 g5 35. Rg2 f4 36. Ne2 fxg3+ 37. Nxg3 Kh8 38. Qf2 Qf4 39. Qxf4 gxf4 40. Nh5 f3 41. Rf2 a5 42. Kg3 b4 43. Rxf3 Rd2 44. Rf2 Rd3+ 45. Kg4 bxa3 46. bxa3 Rxa3 47. Rd2 Rb3 48. Rxd6 Rb8 49. Kg5 Ra8 50. Kh6 a4 51. Rd7 Ra6+ 52. Kg5 Ra5+ 53. Kg6 1-0


[Site "https://www.chess.com"]

[Event "Titled Tuesday Blitz February 21 Late 2023"]
[White "Dzida, Kamil"]
[Black "Calcada, Lucas Galvan"]
[WhiteFideId "21828652"]
[BlackFideId "22746099"]
[WhiteElo "2352"]
[BlackElo "1739"]
[Result "1-0"]
[Round "04"]
[TimeControl "180+2"]
[Date "2023.02.21"]
[WhiteClock "0:00:41"]
[BlackClock "0:00:22"]

1. e4 c5 2. Nf3 d6 3. Nc3 Nc6 4. d4 Nxd4 5. Nxd4 cxd4 6. Qxd4 a6 7. Nd5 e6 8. Nb6 Rb8 9. Be3 Nf6 10. f3 Qc7 11. Bc4 Be7 12. O-O O-O 13. Rfd1 Bd7 14. a4 Bc6 15. Bb3 Rbd8 16. Qc3 Nd7 17. a5 Bf6 18. Qb4 Be7 19. Qd2 Rfe8 20. Qf2 Bf8 21. Rd2 Nc5 22. Ba2 Nd7 23. Rad1 Nf6 24. c4 Qb8 25. b4 Nd7 26. Bb3 Nxb6 27. Bxb6 Rc8 28. Qg3 d5 29. Qxb8 Rxb8 30. exd5 exd5 31. cxd5 Bb5 32. d6 Bd7 33. Kf2 Rbc8 34. Bc7 g6 35. Bd5 Rxc7 36. dxc7 Bxb4 37. Bxb7 Bxd2 38. Rxd2 Bc8 39. Bxc8 Rxc8 40. Rd8+ 1-0


[Site "https://www.chess.com"]

[Event "Titled Tuesday Blitz February 21 Late 2023"]
[White "Figorito, Nick"]
[Black "Chemin, Justo Reinaldo"]
[WhiteFideId "30923689"]
[BlackFideId "2101580"]
[WhiteElo "2036"]
[BlackElo "2040"]
[Result "1-0"]
[Round "04"]
[TimeControl "180+2"]
[Date "2023.02.21"]
[WhiteClock "0:00:47"]
[BlackClock "0:00:10"]

1. Nf3 e6 2. g3 d5 3. Bg2 Nf6 4. O-O Be7 5. d4 O-O 6. c4 dxc4 7. Qc2 a6 8. Qxc4 b5 9. Qc2 Bb7 10. e3 Nbd7 11. Nc3 c5 12. Rd1 cxd4 13. Nxd4 Bxg2 14. Kxg2 Qc7 15. Qe2 b4 16. Nb1 Qb7+ 17. Qf3 Qxf3+ 18. Kxf3 Ne5+ 19. Ke2 Rfc8 20. Bd2 Nc4 21. b3 Nxd2 22. Nxd2 Nd5 23. Rdc1 Nc3+ 24. Ke1 Bf6 25. a3 a5 26. axb4 axb4 27. Rxa8 Rxa8 28. Nc6 Nd5 29. e4 Ne7 30. Nxb4 h5 31. Nd3 Ng6 32. b4 Rd8 33. Ke2 Bd4 34. f4 f5 35. b5 h4 36. Rb1 hxg3 37. hxg3 Bc3 38. e5 Ne7 39. b6 Nd5 40. b7 Rb8 41. Nc5 Bd4 42. Nd7 Nc3+ 43. Kd3 Nxb1 44. Nxb8 Nxd2 45. Kxd4 Nf3+ 46. Ke3 Ne1 47. Nc6 Nc2+ 48. Kd2 Na3 49. b8=Q+ 1-0


[Site "https://www.chess.com"]

[Event "Titled Tuesday Blitz February 21 Late 2023"]
[White "Torres Dominguez, David"]
[Black "Kalajzic, Ivan"]
[WhiteFideId "2220857"]
[BlackFideId "14506378"]
[WhiteElo "1994"]
[BlackElo "2062"]
[Result "1-0"]
[Round "04"]
[TimeControl "180+2"]
[Date "2023.02.21"]
[WhiteClock "0:01:17"]
[BlackClock "0:00:24"]

1. e4 Nc6 2. Nc3 d6 3. Bc4 Nf6 4. d3 g6 5. f4 Bg7 6. Nf3 O-O 7. O-O Bg4 8. h3 Bxf3 9. Qxf3 Nd4 10. Qf2 c5 11. Be3 Ne8 12. a3 Nc7 13. Ba2 e6 14. f5 exf5 15. Kh1 Be5 16. Rae1 Qf6 17. g4 Kh8 18. exf5 gxf5 19. gxf5 d5 20. Nxd5 Nxd5 21. Bxd5 Nc6 22. Rg1 Rg8 23. c3 Ne7 24. Be4 b6 25. Bxa8 Rxa8 26. Bg5 Qd6 27. Bxe7 Qxe7 28. f6 Qd6 29. Qg2 1-0


[Site "https://www.chess.com"]

[Event "Titled Tuesday Blitz February 21 Late 2023"]
[White "Matko, Ognjen"]
[Black "Gurevich, Ilya"]
[WhiteFideId "14509717"]
[BlackFideId "2000628"]
[WhiteElo "2295"]
[BlackElo "2586"]
[Result "0-1"]
[Round "04"]
[TimeControl "180+2"]
[Date "2023.02.21"]
[WhiteClock "0:00:56"]
[BlackClock "0:01:03"]

1. e4 c5 2. Nf3 e6 3. d4 cxd4 4. Nxd4 Nf6 5. Nc3 Nc6 6. Nxc6 bxc6 7. e5 Nd5 8. Nxd5 cxd5 9. Bd3 Ba6 10. O-O Bxd3 11. cxd3 d6 12. d4 Be7 13. Qg4 g6 14. Bh6 Bf8 15. Bxf8 Kxf8 16. exd6 Qxd6 17. Rfe1 Kg7 18. Re3 Rhc8 19. h4 h5 20. Qg5 Qd8 21. Qf4 Qf6 22. Qxf6+ Kxf6 23. Rf3+ Ke7 24. Rc3 Rxc3 25. bxc3 Rb8 26. g3 Rb2 27. a4 Rb3 28. Rc1 Ra3 29. Kf1 Rxa4 30. Ke2 Ra2+ 31. Ke3 Kf6 32. Rb1 Rc2 33. Rb3 a5 34. Ra3 Kf5 35. Kf3 Rc1 36. Ke3 Kg4 37. Kd2 Rf1 38. Ke2 Rc1 39. Kd2 Rb1 40. Rxa5 Kf3 41. Ra7 Kxf2 42. Rxf7+ Kxg3 43. Rf6 Kxh4 44. Rxg6 Rb6 45. Ke3 Kh3 46. Kf4 h4 47. Ke5 Rc6 48. Rg8 Kh2 49. Kf4 h3 50. Ke5 Kh1 51. Rg5 h2 52. Rg3 Rb6 53. Kf4 Rb1 54. Kf3 Rg1 55. Rh3 Rg8 56. Kf2 Rf8+ 57. Ke2 Kg2 58. Rh7 h1=Q 59. Rg7+ Kh2 60. Rh7+ Kg1 0-1


[Site "https://www.chess.com"]

[Event "Titled Tuesday Blitz February 21 Late 2023"]
[White "Manu_ChessExcelsior"]
[Black "Hoffmann, Asa"]
[BlackFideId "2001470"]
[WhiteElo "2095"]
[BlackElo "2185"]
[Result "1-0"]
[Round "04"]
[TimeControl "180+2"]
[Date "2023.02.21"]
[WhiteClock "0:00:11"]
[BlackClock "0:00:25"]

1. e4 d6 2. d4 Nf6 3. Nc3 c6 4. f4 Qa5 5. Bd3 e5 6. Nf3 exd4 7. Nxd4 Qb6 8. Be3 Ng4 9. Bg1 Qxb2 10. Nde2 Qa3 11. Rb1 Be7 12. h3 Nf6 13. Bf2 O-O 14. O-O Nbd7 15. Rb3 Qa5 16. g4 Nc5 17. Rb1 Bxg4 18. hxg4 Nxg4 19. Qe1 Nxf2 20. Rxf2 Bh4 21. Qf1 Bxf2+ 22. Qxf2 Rae8 23. Qd4 Qd8 24. Na4 Nxd3 25. cxd3 Qh4 26. Qf2 Qg4+ 27. Ng3 Re6 28. f5 Rh6 29. Rb2 g6 30. f6 Re8 31. Nc3 Re5 32. Ne2 Rg5 33. Rxb7 Qc8 34. Qxa7 Rh3 35. Rb8 Rhxg3+ 36. Nxg3 Rxg3+ 37. Kf2 Rf3+ 38. Kxf3 1-0


[Site "https://www.chess.com"]

[Event "Titled Tuesday Blitz February 21 Late 2023"]
[White "Backsten, Jan"]
[Black "Eliteplayer3"]
[WhiteFideId "1735381"]
[WhiteElo "2029"]
[BlackElo "1962"]
[Result "1-0"]
[Round "04"]
[TimeControl "180+2"]
[Date "2023.02.21"]
[WhiteClock "0:00:26"]
[BlackClock "0:00:17"]

1. e4 c6 2. d4 d5 3. Nd2 dxe4 4. Nxe4 Nf6 5. Nxf6+ exf6 6. c3 Bd6 7. Bd3 O-O 8. Qc2 Re8+ 9. Ne2 f5 10. Bxf5 Bxf5 11. Qxf5 Nd7 12. Qf3 Qh4 13. Be3 Nb6 14. O-O-O Nc4 15. g3 Qe7 16. Rd3 Qe6 17. Kb1 Qe4 18. Qxe4 Rxe4 19. Nc1 Rae8 20. Bd2 f5 21. f4 c5 22. b3 Nxd2+ 23. Rxd2 cxd4 24. Rxd4 Rxd4 25. cxd4 Rd8 26. Kc2 Bc7 27. Kd3 Bb6 28. Ne2 Kf7 29. Rc1 Ke6 30. Rc4 Kd6 31. Nc3 Re8 32. Ne2 Re4 33. b4 Re8 34. a4 a6 35. a5 Bd8 36. Rc5 g6 37. Re5 Rxe5 38. fxe5+ Ke6 39. Nf4+ Ke7 40. d5 Kd7 41. Kd4 Be7 42. d6 Bf8 43. Kd5 g5 44. e6+ Ke8 45. Nh5 f4 46. gxf4 gxf4 47. Nxf4 Bh6 48. Nh5 Bd2 49. e7 Bxb4 50. Nf6+ Kf7 51. e8=Q+ Kxf6 52. d7 Bxa5 53. d8=Q+ Bxd8 54. Qxd8+ Kg6 55. Qb6+ Kh5 56. Qxb7 h6 57. Qxa6 Kh4 58. Qxh6+ Kg4 59. Qe3 Kh4 60. Qg3+ Kh5 61. Ke6 Kh6 62. Kf6 Kh7 63. Qg7# 1-0


[Site "https://www.chess.com"]

[Event "Titled Tuesday Blitz February 21 Late 2023"]
[White "Marin Ramirez, Gerardo"]
[Black "Jimenez Jimenez, Leandro"]
[WhiteFideId "3901068"]
[BlackFideId "6415253"]
[WhiteElo "2127"]
[BlackElo "2146"]
[Result "0-1"]
[Round "04"]
[TimeControl "180+2"]
[Date "2023.02.21"]
[WhiteClock "0:00:02"]
[BlackClock "0:00:11"]

1. d4 d5 2. Nf3 e6 3. c4 Nf6 4. Nc3 dxc4 5. e3 c5 6. Bxc4 Nc6 7. O-O cxd4 8. exd4 Be7 9. Qe2 O-O 10. Rd1 Nd5 11. a3 Bf6 12. Ba2 Nce7 13. Bg5 Bxg5 14. Nxg5 b6 15. Qe4 Nf5 16. Nxd5 Bb7 17. Nxe6 fxe6 18. Qxe6+ Kh8 19. Ne3 Qg5 20. d5 Rae8 21. Qd7 Re7 22. Qa4 Nxe3 23. fxe3 Qxe3+ 24. Kh1 Ref7 0-1


[Site "https://www.chess.com"]

[Event "Titled Tuesday Blitz February 21 Late 2023"]
[White "Cheng, Xiao"]
[Black "Petrovic, Aleksa"]
[WhiteFideId "2022915"]
[BlackFideId "967629"]
[WhiteElo "2288"]
[BlackElo "2332"]
[Result "1-0"]
[Round "04"]
[TimeControl "180+2"]
[Date "2023.02.21"]
[WhiteClock "0:00:11"]
[BlackClock "0:00:01"]

1. c4 Nf6 2. Nc3 c5 3. e4 Nc6 4. g3 g6 5. Bg2 Bg7 6. Nge2 O-O 7. O-O d6 8. d3 Ne8 9. f4 Nc7 10. h3 Ne6 11. f5 Ned4 12. Be3 Nxe2+ 13. Qxe2 Nd4 14. Qd2 gxf5 15. Bh6 e6 16. exf5 Nxf5 17. Rxf5 exf5 18. Nd5 Be6 19. Bxg7 Kxg7 20. Qc3+ f6 21. Nf4 Bf7 22. Bxb7 Rb8 23. Bg2 Qb6 24. b3 Qb4 25. Qb2 Rbe8 26. Rf1 Re1 27. a3 Rxf1+ 28. Kxf1 Qb8 29. Bd5 Qe8 30. Qd2 Qe5 31. Kf2 Bxd5 32. cxd5 Rf7 33. Ne6+ Kg8 34. Qa5 h6 35. Qd8+ Kh7 36. Qe8 Rg7 37. Nxg7 Kxg7 38. Qd7+ Kg6 39. Qe6 Qd4+ 40. Ke2 Qb2+ 41. Kf3 Kg7 42. Qd7+ Kh8 43. Qxd6 Qd4 44. Qd8+ Kg7 45. Qe7+ Kh8 46. d6 Qxd3+ 47. Kf4 Qd4+ 48. Kxf5 Qd5+ 49. Kxf6 Qf3+ 50. Ke6 Qe4+ 51. Kd7 Qb7+ 52. Ke8 Qc8+ 53. Kf7 Kh7 54. d7 Qc6 55. Kf8+ Kg6 56. d8=Q Kf5 57. Qdd7+ 1-0


[Site "https://www.chess.com"]

[Event "Titled Tuesday Blitz February 21 Late 2023"]
[White "Arvelo Leo, Gian Carlo"]
[Black "Gatterer, Florian"]
[WhiteFideId "6402720"]
[BlackFideId "811688"]
[WhiteElo "2075"]
[BlackElo "2170"]
[Result "0-1"]
[Round "04"]
[TimeControl "180+2"]
[Date "2023.02.21"]
[WhiteClock "0:00:02"]
[BlackClock "0:00:30"]

1. Nf3 g6 2. c4 c5 3. Nc3 Bg7 4. e3 Nf6 5. d4 cxd4 6. exd4 d5 7. cxd5 Nxd5 8. Qb3 Nxc3 9. bxc3 O-O 10. Be2 Nc6 11. O-O b6 12. Bg5 Bb7 13. Rfe1 Rc8 14. Rad1 Na5 15. Qb4 Rc7 16. Ne5 f6 17. Bg4 Bc8 18. Nxg6 hxg6 19. Bxc8 Qxc8 20. Bf4 Rd7 21. Rxe7 Rxe7 22. Qxe7 Qe8 23. Qxa7 Qe2 24. Rf1 Nc4 25. d5 Qe4 26. Bg3 Qxd5 27. h4 Rf7 28. Qb8+ Kh7 29. Re1 Ne5 30. Qxb6 Qxa2 31. h5 gxh5 32. Qe3 Qa8 33. Bxe5 fxe5 34. Qg5 Qf8 35. Qxh5+ Kg8 36. Qh4 Rf4 37. Qg3 Qf5 38. Rd1 Kf7 39. Qe3 Bf6 40. Qa7+ Kg6 41. Rd6 Re4 0-1


[Site "https://www.chess.com"]

[Event "Titled Tuesday Blitz February 21 Late 2023"]
[White "Rego, Pedro Filipe"]
[Black "Stanisz, Patryk"]
[WhiteFideId "1904310"]
[BlackFideId "1123106"]
[WhiteElo "2312"]
[BlackElo "2161"]
[Result "1-0"]
[Round "04"]
[TimeControl "180+2"]
[Date "2023.02.21"]
[WhiteClock "0:00:57"]
[BlackClock "0:00:16"]

1. c4 c6 2. d4 d5 3. Nc3 Nf6 4. Nf3 e6 5. e3 Nbd7 6. Bd3 dxc4 7. Bxc4 b5 8. Bb3 b4 9. Na4 c5 10. dxc5 Bxc5 11. Nxc5 Nxc5 12. Qxd8+ Kxd8 13. Bc4 Bb7 14. Bd2 a5 15. a3 b3 16. Ke2 Ke7 17. Nd4 Rhd8 18. f3 Bd5 19. Bxd5 Rxd5 20. Bc3 Kf8 21. Rac1 e5 22. e4 Rd7 23. Nc6 Nd3 24. Rcd1 Nf4+ 25. Kf2 Rc8 26. Nxe5 Rdc7 27. g3 Ne6 28. Rd2 Rxc3 29. bxc3 Rxc3 30. a4 g5 31. Rb1 Nc5 32. Rdb2 Ke7 33. Nc6+ Kf8 34. Ne5 Ke7 35. Ke2 Ke6 36. Nc6 Nxa4 37. Nd4+ Ke7 38. Rxb3 Rc2+ 39. Nxc2 1-0


[Site "https://www.chess.com"]

[Event "Titled Tuesday Blitz February 21 Late 2023"]
[White "Jarocka, Liwia"]
[Black "Hernandez Jimenez, Alexander Andres"]
[WhiteFideId "21807558"]
[BlackFideId "3900452"]
[WhiteElo "2225"]
[BlackElo "2134"]
[Result "1-0"]
[Round "04"]
[TimeControl "180+2"]
[Date "2023.02.21"]
[WhiteClock "0:00:48"]
[BlackClock "0:00:03"]

1. e4 c5 2. Nf3 d6 3. d4 cxd4 4. Nxd4 Nf6 5. Nc3 a6 6. Be3 e5 7. Nb3 Be6 8. f3 Nbd7 9. Qd2 h5 10. Nd5 Rc8 11. c4 Be7 12. Be2 b5 13. cxb5 axb5 14. Bxb5 O-O 15. O-O Nxd5 16. exd5 Bf5 17. Rac1 Nf6 18. Na5 Nxd5 19. Nc6 Rxc6 20. Bxc6 Nxe3 21. Qxe3 Bg5 22. f4 Bxf4 23. Rxf4 exf4 24. Qxf4 Qb6+ 25. Qf2 Qxf2+ 26. Kxf2 Rb8 27. b3 Kf8 28. Bd5 Be6 29. Rd1 Ke7 30. g3 Rb5 31. Bf3 g6 32. Rd2 d5 33. Rc2 Kd6 34. Ke3 Rb4 35. Rd2 Ke5 36. Kf2 d4 37. Re2+ Kd6 38. Be4 Bd5 39. Bd3 f5 40. Rc2 Be4 41. Ke2 g5 42. Rc4 Rxc4 43. Bxc4 Kc5 44. Bd3 Kb4 45. Kd2 h4 46. a4 hxg3 47. hxg3 Bd5 48. Bxf5 Bxb3 49. Kd3 Kc5 50. Bd7 Kd5 51. a5 Bc4+ 52. Kd2 Ke4 53. Bc6+ Kf5 54. Bf3 Ba6 55. Be2 Ke5 56. Bxa6 1-0


[Site "https://www.chess.com"]

[Event "Titled Tuesday Blitz February 21 Late 2023"]
[White "Gamboa, Juan Pablo"]
[Black "Roman, Rodrigo"]
[WhiteFideId "105180"]
[BlackFideId "3701220"]
[WhiteElo "2224"]
[BlackElo "2058"]
[Result "1/2-1/2"]
[Round "04"]
[TimeControl "180+2"]
[Date "2023.02.21"]
[WhiteClock "0:00:09"]
[BlackClock "0:00:20"]

1. c4 e5 2. Nc3 Nf6 3. g3 Nc6 4. Bg2 Bc5 5. e3 O-O 6. Nge2 Re8 7. O-O a6 8. d4 exd4 9. exd4 Bf8 10. Bg5 h6 11. Bxf6 Qxf6 12. Nd5 Qd8 13. Nec3 d6 14. b4 Be6 15. a4 Rb8 16. b5 axb5 17. axb5 Ne7 18. Nxe7+ Bxe7 19. Nd5 c6 20. Nxe7+ Rxe7 21. d5 cxd5 22. Bxd5 Qb6 23. Re1 Rbe8 24. Bxe6 fxe6 25. Qd3 Rc8 26. Rad1 Kf7 27. Re3 Qc5 28. Qh7 Ke8 29. Qg6+ Kf8 30. Red3 Rd8 31. Qh7 Ke8 32. Qg6+ Kf8 33. Qe4 Ke8 34. Qf4 e5 35. Qf5 Rf7 36. Qe6+ Re7 37. Qg8+ Kd7 38. Qd5 Qxd5 39. Rxd5 Re6 40. c5 Ke7 41. c6 bxc6 42. bxc6 Rc8 43. Rc1 Rc7 44. Kg2 Rf6 45. f3 Rf8 46. Rb5 Rfc8 47. Rb6 Ke6 48. Kf2 d5 49. Ke3 Kd6 50. f4 exf4+ 51. Kxf4 Rxc6 52. Rbxc6+ Rxc6 53. Rd1 Rc4+ 54. Kf5 Rc2 55. h4 Rg2 56. Rd3 Kc5 57. Kg6 Kc4 58. Ra3 d4 59. Kxg7 d3 60. Rxd3 Kxd3 61. Kxh6 Rxg3 62. h5 Ke4 63. Kh7 Kf5 64. h6 Kf6 65. Kh8 Ra3 66. Kh7 Kf7 67. Kh8 Ra7 68. Kh7 Kf8+ 69. Kh8 Ra6 70. h7 Ke7 71. Kg7 Ra8 72. h8=Q Rxh8 73. Kxh8 1/2-1/2


[Site "https://www.chess.com"]

[Event "Titled Tuesday Blitz February 21 Late 2023"]
[White "Hajiyev, Kanan"]
[Black "Oliveira, Tiago Batista"]
[WhiteFideId "13404148"]
[BlackFideId "2108291"]
[WhiteElo "2197"]
[BlackElo "1991"]
[Result "1-0"]
[Round "04"]
[TimeControl "180+2"]
[Date "2023.02.21"]
[WhiteClock "0:00:41"]
[BlackClock "0:00:05"]

1. d4 Nf6 2. c4 g6 3. Nc3 d5 4. cxd5 Nxd5 5. e4 Nxc3 6. bxc3 Bg7 7. Bb5+ Nd7 8. Nf3 O-O 9. O-O c5 10. e5 cxd4 11. cxd4 Qb6 12. Bc4 e6 13. Bg5 Re8 14. h4 h6 15. Be3 Qb4 16. Bd3 Nb6 17. h5 g5 18. Rb1 Qe7 19. Bc2 Nd5 20. Qd3 f5 21. exf6 Nxf6 22. Ne5 b6 23. f4 Bb7 24. fxg5 hxg5 25. h6 Be4 26. h7+ Kh8 27. Ng6+ Bxg6 28. Qxg6 Nd5 29. Bxg5 Bxd4+ 30. Kh1 Qg7 31. Qh5 Rac8 32. Bg6 Rf8 33. Bh6 Qe5 34. Qxe5+ Bxe5 35. Rxf8+ Rxf8 36. Bxf8 Nf4 37. Be4 1-0


[Site "https://www.chess.com"]

[Event "Titled Tuesday Blitz February 21 Late 2023"]
[White "Lopez Perdomo, Juan David"]
[Black "ArturoCaceres"]
[WhiteFideId "4405137"]
[WhiteElo "2029"]
[BlackElo "2405"]
[Result "0-1"]
[Round "04"]
[TimeControl "180+2"]
[Date "2023.02.21"]
[WhiteClock "0:00:04"]
[BlackClock "0:00:44"]

1. e4 a6 2. d4 b5 3. f4 Bb7 4. Bd3 e6 5. c3 Nf6 6. Qe2 c5 7. Nf3 d5 8. e5 Ne4 9. Nbd2 Nxd2 10. Bxd2 Nc6 11. f5 exf5 12. Bxf5 Be7 13. e6 fxe6 14. Bxe6 cxd4 15. O-O Qb6 16. Qf2 Bc5 17. Nxd4 Rf8 18. Bf7+ Ke7 19. Bg5+ Kd6 20. Nf5+ Kd7 21. Be3 Bxe3 22. Nxe3 Nd8 23. Qf5+ Kc7 24. Qe5+ Qd6 25. Qxg7 Qe7 26. Rae1 Kb8 27. Qg3+ Ka7 28. Bxd5 Rxf1+ 29. Rxf1 Bxd5 30. Nxd5 Qc5+ 31. Ne3 Rb8 32. Kh1 Rb7 33. Nc2 Rd7 34. Nd4 Nc6 0-1


[Site "https://www.chess.com"]

[Event "Titled Tuesday Blitz February 21 Late 2023"]
[White "Carrasco Miranda, Andres"]
[Black "Hartikainen, Jarmo"]
[WhiteFideId "3405990"]
[BlackFideId "503134"]
[WhiteElo "2240"]
[BlackElo "2108"]
[Result "1-0"]
[Round "04"]
[TimeControl "180+2"]
[Date "2023.02.21"]
[WhiteClock "0:00:21"]
[BlackClock "0:00:02"]

1. d4 Nf6 2. c4 g6 3. g3 Bg7 4. Bg2 d5 5. cxd5 Nxd5 6. Nf3 O-O 7. O-O Nc6 8. Nc3 Nb6 9. e3 e5 10. d5 Ne7 11. e4 Bg4 12. h3 Bxf3 13. Bxf3 c6 14. Bg5 f6 15. Be3 cxd5 16. exd5 Nc4 17. Bc5 Nd6 18. Qb3 Kh8 19. Rfd1 f5 20. h4 e4 21. Be2 b6 22. Bxd6 Qxd6 23. Nb5 Qe5 24. d6 Nc6 25. h5 Na5 26. Qd5 Qxd5 27. Rxd5 Bxb2 28. Rad1 Bg7 29. hxg6 hxg6 30. Kg2 a6 31. Nc7 Ra7 32. Rh1+ Kg8 33. Rxa5 bxa5 34. Bc4+ Rf7 35. d7 Bf6 36. Ne8 Rxd7 37. Nxf6+ Kg7 38. Nxd7 Rxd7 39. Rb1 Rd2 40. Rb7+ Kf6 41. Rb6+ Ke5 42. Rxa6 e3 43. Re6+ Kd4 44. Rxe3 Kxc4 45. Ra3 Kb4 46. Rb3+ Kc4 47. Rb6 Rxa2 48. Rxg6 a4 49. Rf6 a3 50. Rxf5 Ra1 51. g4 Kd4 52. g5 Ke4 53. Rf8 a2 54. Ra8 Kf5 55. Ra5+ Kg6 56. f4 1-0


[Site "https://www.chess.com"]

[Event "Titled Tuesday Blitz February 21 Late 2023"]
[White "Curtis, John"]
[Black "Kostiukov, Alexandr"]
[WhiteFideId "3200256"]
[BlackFideId "14108100"]
[WhiteElo "2292"]
[BlackElo "2271"]
[Result "1-0"]
[Round "04"]
[TimeControl "180+2"]
[Date "2023.02.21"]
[WhiteClock "0:01:24"]
[BlackClock "0:01:11"]

1. e4 c5 2. Nf3 g6 3. d4 cxd4 4. Nxd4 Bg7 5. Be3 Nc6 6. Qd2 Nf6 7. f3 O-O 8. Nc3 d5 9. O-O-O Nxd4 10. Bxd4 dxe4 11. Nxe4 Nxe4 12. fxe4 Bxd4 13. Qxd4 Qxd4 14. Rxd4 Be6 15. Bc4 Bxc4 16. Rxc4 Rac8 17. Rxc8 Rxc8 18. Kd2 f5 19. Rc1 Kf7 20. c4 Kf6 21. Ke3 Ke5 22. exf5 gxf5 23. b4 h5 24. g3 h4 25. c5 hxg3 26. hxg3 a5 27. b5 Kd5 28. Rd1+ Kc4 29. Rd7 e6 30. b6 Kxc5 31. Rc7+ 1-0


[Site "https://www.chess.com"]

[Event "Titled Tuesday Blitz February 21 Late 2023"]
[White "Delgado Rosas, Fatima Alexandra"]
[Black "Tarnowska, Aleksandra"]
[WhiteFideId "6603963"]
[BlackFideId "1180967"]
[WhiteElo "1500"]
[BlackElo "1835"]
[Result "1-0"]
[Round "04"]
[TimeControl "180+2"]
[Date "2023.02.21"]
[WhiteClock "0:00:29"]
[BlackClock "0:00:07"]

1. d4 d5 2. c4 e6 3. Nc3 Nf6 4. Bg5 Be7 5. e3 O-O 6. Nf3 h6 7. Bh4 b6 8. cxd5 exd5 9. Bd3 Bb7 10. O-O Nbd7 11. Qe2 Ne4 12. Bxe7 Qxe7 13. Bxe4 dxe4 14. Nd2 Nf6 15. Rac1 Rfd8 16. Rfd1 Rac8 17. Nb3 Nd5 18. Qg4 Nxc3 19. Rxc3 Rd6 20. Rdc1 Rg6 21. Qf4 c6 22. Nd2 Re8 23. Nc4 Rf6 24. Qg3 Rg6 25. Qf4 Rf6 26. Qh4 Qe6 27. b3 Qf5 28. Ne5 c5 29. R1c2 cxd4 30. exd4 e3 31. f3 e2 32. Rxe2 Qb1+ 33. Qe1 Qxe1+ 34. Rxe1 Rd6 35. Rce3 Rxd4 36. Nc4 Rxe3 37. Rxe3 Rd1+ 38. Kf2 Rc1 39. Re8+ Kh7 40. Re7 Ba6 41. Rxa7 Bxc4 42. bxc4 Rxc4 43. Kg3 Rc2 44. a4 f6 45. Rb7 Rc4 46. Ra7 Rb4 47. h3 Kg6 48. h4 h5 49. Kf2 Rb2+ 50. Kg1 Rb3 51. Rb7 Ra3 52. Ra7 b5 53. a5 b4 54. a6 b3 55. Rb7 b2 56. Rxb2 Rxa6 57. Kh2 Ra4 58. Kg3 Rc4 59. Rd2 Ra4 60. Rd8 Rb4 61. Rc8 Ra4 62. Rc2 Rd4 63. Rf2 Rb4 64. Rf1 Ra4 65. Rg1 Rb4 66. Rh1 Ra4 67. Kh2 Rxh4+ 68. Kg1 Rh2 69. Rxh2 Kg5 70. g3 g6 71. Kg2 Kh6 72. g4 1-0


[Site "https://www.chess.com"]